[Event "Titled Tuesday Blitz April 19 Early 2022"]
[White "Sanal, Vahap"]
[Black "Hua, Lefong"]
[WhiteFideId "6300545"]
[BlackFideId "2602253"]
[WhiteElo "2603"]
[BlackElo "2583"]
[Result "1-0"]
[Round "02"]
[TimeControl "180+1"]
[Date "2022.04.19"]
[WhiteClock "0:00:15"]
[BlackClock "0:00:16"]

1. e4 c5 2. Nc3 g6 3. h4 h5 4. Bc4 Bg7 5. d3 Nc6 6. Bg5 d6 7. Nge2 Nf6 8. O-O O-O 9. Qd2 Bg4 10. f3 Bd7 11. a4 a6 12. Bh6 Rb8 13. Bxg7 Kxg7 14. Qg5 e5 15. Rf2 Be6 16. Raf1 Bxc4 17. dxc4 Nd7 18. Rd1 Qxg5 19. hxg5 Nd4 20. Nc1 Rfd8 21. g3 Nf8 22. f4 Nfe6 23. Nd5 h4 24. gxh4 Nxf4 25. Nxf4 exf4 26. c3 Ne6 27. Ne2 b5 28. cxb5 axb5 29. a5 b4 30. c4 Ra8 31. Ra1 Ra6 32. Nxf4 Nxf4 33. Rxf4 Rda8 34. Rd1 Rc6 35. Rf6 Rxa5 36. e5 Rc8 37. exd6 Rd8 38. Kg2 Rd7 39. b3 Ra2+ 40. Kg3 Rb2 41. Rd3 Kf8 42. Kf3 Rh2 43. Ke4 Rxh4+ 44. Kd5 Rg4 45. Kc6 Rd8 46. Kc7 Ra8 47. d7 1-0


[Site "https://www.chess.com"]

[Event "Titled Tuesday Blitz April 19 Early 2022"]
[White "Sanchez Alvares, Kelvin Antonio"]
[Black "Fernandez Siles, Luis"]
[WhiteFideId "3906680"]
[BlackFideId "2209420"]
[WhiteElo "2193"]
[BlackElo "2212"]
[Result "0-1"]
[Round "02"]
[TimeControl "180+1"]
[Date "2022.04.19"]
[WhiteClock "0:00:05"]
[BlackClock "0:00:19"]

1. e4 c5 2. Nf3 Nc6 3. d4 cxd4 4. Nxd4 Nf6 5. Nc3 e5 6. Ndb5 d6 7. Bg5 a6 8. Na3 b5 9. Nd5 Be7 10. Bxf6 Bxf6 11. c4 b4 12. Nc2 a5 13. b3 Bg5 14. g3 O-O 15. h4 Bh6 16. Bh3 Be6 17. Kf1 Ne7 18. Kg2 Bxd5 19. exd5 f5 20. Re1 f4 21. c5 Nf5 22. Bxf5 Rxf5 23. Qg4 Qf6 24. Re4 fxg3 25. f3 Rf8 26. Rf1 dxc5 27. Ne1 Bf4 28. Nd3 Qd6 29. Nxf4 exf4 30. Rd1 Rxd5 31. Rxd5 Qxd5 32. Rxf4 Qd2+ 33. Kxg3 Qe1+ 34. Kh3 Qh1+ 35. Kg3 Qg1+ 36. Kh3 Qxg4+ 37. Rxg4 Rxf3+ 38. Kg2 Rc3 39. Rf4 Rc2+ 40. Kf3 Rxa2 41. Rf5 Rc2 42. Ke4 Rc3 43. Kd5 Rxb3 44. Kxc5 Ra3 45. h5 g6 46. hxg6 hxg6 47. Rg5 Kg7 48. Kb5 Kh6 49. Rg1 g5 50. Kc5 Kh5 51. Kd5 g4 52. Ke4 g3 53. Kf4 a4 54. Rb1 Rb3 55. Rh1+ Kg6 56. Rd1 a3 57. Ra1 g2 58. Rg1 Rb2 0-1


[Site "https://www.chess.com"]

[Event "Titled Tuesday Blitz April 19 Early 2022"]
[White "Sarana, Alexey"]
[Black "Weetik, Vjacheslav"]
[WhiteFideId "24133795"]
[BlackFideId "4153472"]
[WhiteElo "2666"]
[BlackElo "2469"]
[Result "1-0"]
[Round "02"]
[TimeControl "180+1"]
[Date "2022.04.19"]
[WhiteClock "0:02:03"]
[BlackClock "0:00:44"]

1. d4 Nf6 2. c4 g6 3. Nc3 Bg7 4. e4 d6 5. Be2 O-O 6. Be3 e5 7. d5 Na6 8. g4 Nc5 9. f3 h5 10. g5 Nh7 11. h4 f6 12. Qd2 fxg5 13. hxg5 Rf4 14. b4 Nd7 15. Nh3 a5 16. b5 Rh4 17. Bf2 Rxh3 18. Rxh3 Nxg5 19. Rg3 Nf7 20. Rxg6 Kh7 21. Rg1 Bh6 22. Be3 Qh4+ 23. Kd1 Nc5 24. Kc2 Bh3 25. Bxh6 Nxh6 26. Qg5 Qxg5 27. Rxg5 1-0


[Site "https://www.chess.com"]

[Event "Titled Tuesday Blitz April 19 Early 2022"]
[White "Sarkar, Justin"]
[Black "Dauner, Benedikt"]
[WhiteFideId "2010011"]
[BlackFideId "16225899"]
[WhiteElo "2038"]
[BlackElo "2230"]
[Result "1-0"]
[Round "02"]
[TimeControl "180+1"]
[Date "2022.04.19"]
[WhiteClock "0:00:08"]
[BlackClock "0:00:01"]

1. d4 e6 2. c4 Be7 3. e4 d6 4. Nc3 Nd7 5. f4 c5 6. Nf3 cxd4 7. Nxd4 Ngf6 8. Be2 O-O 9. O-O a6 10. g4 Nc5 11. Bf3 d5 12. cxd5 exd5 13. exd5 Qb6 14. Kh1 Rd8 15. g5 Ne8 16. Rb1 Nd6 17. Be3 Bh3 18. Re1 Nc4 19. Bg1 Bd6 20. b4 Nd7 21. Ne6 fxe6 22. Bxb6 Ndxb6 23. Qd4 Kh8 24. a4 Rac8 25. a5 e5 26. fxe5 Bxe5 27. Rxe5 Nxe5 28. Qxe5 Nc4 29. Qd4 Rf8 30. Bg2 Bf5 31. Re1 Nd6 32. Re7 Rf7 33. Rxf7 Nxf7 34. d6 Re8 35. Bxb7 Re1+ 36. Kg2 Nxg5 37. d7 Bh3+ 38. Kf2 Rf1+ 39. Ke2 Bxd7 40. Qxd7 Rf8 41. Nd5 Ne4 42. Ke3 Ng5 43. Bxa6 Nf7 44. Be2 Ne5 45. Qc7 Re8 46. Kd2 h6 47. a6 1-0


[Site "https://www.chess.com"]

[Event "Titled Tuesday Blitz April 19 Early 2022"]
[White "Seo, Jung Min"]
[Black "Vusatiuk, Vladimir"]
[WhiteFideId "1734687"]
[BlackFideId "14118610"]
[WhiteElo "2401"]
[BlackElo "2157"]
[Result "1-0"]
[Round "02"]
[TimeControl "180+1"]
[Date "2022.04.19"]
[WhiteClock "0:00:29"]
[BlackClock "0:00:05"]

1. d4 Nf6 2. Nf3 e6 3. c4 b6 4. a3 Bb7 5. Nc3 Ne4 6. Nxe4 Bxe4 7. Nd2 Bb7 8. e4 d5 9. cxd5 exd5 10. e5 c5 11. Nf3 Nc6 12. Bb5 Be7 13. Qa4 Qd7 14. O-O a6 15. Bxc6 Bxc6 16. Qc2 O-O 17. Bg5 f6 18. exf6 gxf6 19. Bh6 Rfe8 20. Rfe1 Kh8 21. Re2 Rg8 22. Bf4 Rg4 23. Bg3 Bb5 24. Rd2 Rag8 25. Re1 Bd6 26. dxc5 Bxc5 27. b4 Bf8 28. Nd4 Bh6 29. f4 Bxf4 30. Bxf4 Rxf4 31. Nxb5 Qxb5 32. h3 Qc4 33. Qd1 d4 34. Qh5 Qc7 35. Kh1 Qc3 36. Red1 Qxa3 37. Qh6 Rf5 38. Rxd4 Qg3 39. R4d2 Rfg5 40. Qxf6+ R5g7 41. Qxb6 Qg6 42. Qc5 Qh6 43. Qe5 Qg6 44. Rg1 h6 45. Rd6 Kh7 46. Rxg6 Rxg6 47. Qe4 Rg7 48. Kh2 Kh8 49. Rd1 1-0


[Site "https://www.chess.com"]

[Event "Titled Tuesday Blitz April 19 Early 2022"]
[White "Shimanov, Aleksandr"]
[Black "Jaferian, Koosha"]
[WhiteFideId "4198603"]
[BlackFideId "12507440"]
[WhiteElo "2636"]
[BlackElo "2030"]
[Result "1-0"]
[Round "02"]
[TimeControl "180+1"]
[Date "2022.04.19"]
[WhiteClock "0:00:20"]
[BlackClock "0:00:05"]

1. d4 Nf6 2. Nc3 d5 3. Bf4 g6 4. e3 Bg7 5. h4 h5 6. Nf3 Bg4 7. Qd2 Bxf3 8. gxf3 c6 9. e4 e6 10. O-O-O Nbd7 11. Kb1 O-O 12. Rg1 b5 13. Bd3 Nb6 14. Bg5 Qd7 15. Ne2 Nc4 16. Qf4 Nh7 17. Bh6 Qd6 18. e5 Qb4 19. b3 Qa3 20. Bxc4 bxc4 21. Bxg7 Kxg7 22. Qe3 Rab8 23. Nf4 Kh8 24. Ka1 a5 25. Rb1 a4 26. bxc4 Qe7 27. c5 Rxb1+ 28. Kxb1 Rb8+ 29. Ka1 Qb7 30. Qc3 Qb5 31. Nd3 Nf8 32. a3 Nd7 33. f4 Kg7 34. Rc1 Nf8 35. Qb4 Nd7 36. Qxb5 Rxb5 37. Nb4 Nb8 38. Kb2 Na6 39. Kc3 Nb8 40. Rb1 Kf8 41. Rb2 Ke8 42. Nd3 Rxb2 43. Nxb2 Kd7 44. Nxa4 Kc7 45. Nb2 Na6 46. Nd3 Kb7 47. Ne1 Nc7 48. Nf3 Nb5+ 49. Kb4 Ka6 50. a4 Nc7 51. Ng5 1-0


[Site "https://www.chess.com"]

[Event "Titled Tuesday Blitz April 19 Early 2022"]
[White "Shipov, Sergei"]
[Black "Pinheiro, Iung Alicio de O."]
[WhiteFideId "4113624"]
[BlackFideId "2104350"]
[WhiteElo "2797"]
[BlackElo "2562"]
[Result "1-0"]
[Round "02"]
[TimeControl "180+1"]
[Date "2022.04.19"]
[WhiteClock "0:01:37"]
[BlackClock "0:00:07"]

1. d4 Nf6 2. c4 g6 3. Nc3 d5 4. cxd5 Nxd5 5. Nf3 Bg7 6. Na4 Nb6 7. e4 O-O 8. Be2 Nxa4 9. Qxa4 Bg4 10. Be3 Nd7 11. O-O c6 12. h3 Bxf3 13. Bxf3 e5 14. d5 Nb6 15. Qb3 cxd5 16. exd5 Qd6 17. Rac1 Rac8 18. a4 f5 19. a5 e4 20. axb6 exf3 21. bxa7 fxg2 22. Rfd1 f4 23. Rxc8 Rxc8 24. Qxb7 Rd8 25. Bb6 Re8 26. a8=Q Rxa8 27. Qxa8+ Bf8 28. Qc6 Qe5 29. Qe6+ 1-0


[Site "https://www.chess.com"]

[Event "Titled Tuesday Blitz April 19 Early 2022"]
[White "Shirov, Alexei"]
[Black "Sztokbant, Bernardo Vainzoff"]
[WhiteFideId "2209390"]
[BlackFideId "2115956"]
[WhiteElo "2678"]
[BlackElo "2225"]
[Result "1-0"]
[Round "02"]
[TimeControl "180+1"]
[Date "2022.04.19"]
[WhiteClock "0:00:33"]
[BlackClock "0:00:02"]

1. e4 c5 2. Nc3 e6 3. g3 Nc6 4. Nge2 d5 5. exd5 exd5 6. d4 Nf6 7. Bg2 h6 8. O-O Be6 9. Re1 Bd6 10. dxc5 Bxc5 11. Nf4 O-O 12. Ncxd5 Nxd5 13. Bxd5 Bxd5 14. Nxd5 Nd4 15. c4 b5 16. Re4 Ne6 17. b4 Bxb4 18. Bb2 Bc5 19. cxb5 Re8 20. Qd3 Rc8 21. Rae1 Qg5 22. h4 Qf5 23. Ne3 Qf3 24. Ra4 Rcd8 25. Qe2 Qb7 26. Nf5 Kh7 27. Qc2 Kg8 28. Rg4 1-0


[Site "https://www.chess.com"]

[Event "Titled Tuesday Blitz April 19 Early 2022"]
[White "Shuvalov, Evgenij"]
[Black "Ajay Krishna, S"]
[WhiteFideId "4187237"]
[BlackFideId "5096430"]
[WhiteElo "2130"]
[BlackElo "2247"]
[Result "1-0"]
[Round "02"]
[TimeControl "180+1"]
[Date "2022.04.19"]
[WhiteClock "0:00:16"]
[BlackClock "0:00:03"]

1. Nf3 c5 2. c4 Nc6 3. d4 cxd4 4. Nxd4 Nf6 5. Nc3 e6 6. Ndb5 d6 7. Bf4 e5 8. Bg5 a6 9. Na3 Be6 10. e4 Be7 11. Nc2 O-O 12. Bd3 Nxe4 13. Bxe7 Nxc3 14. Bxh7+ Kxh7 15. Qh5+ Kg8 16. Bxd8 Raxd8 17. bxc3 Bxc4 18. Ne3 Bd3 19. Rd1 Bg6 20. Qg4 Ne7 21. Nd5 Nxd5 22. Rxd5 Rc8 23. O-O Rxc3 24. Rxd6 Rfc8 25. h4 R8c4 26. Rd8+ Kh7 27. Qg5 f6 28. Qd2 Rc2 29. Qd5 Rxh4 30. Qg8+ Kh6 31. Rd7 Rg4 32. Rxg7 b5 33. a3 a5 34. Qf8 Kg5 35. Qf7 Kh5 36. Qxf6 Rcc4 37. Rg8 Rxg2+ 38. Kxg2 Rg4+ 39. Kh3 1-0


[Site "https://www.chess.com"]

[Event "Titled Tuesday Blitz April 19 Early 2022"]
[White "Shyaamnikhil P"]
[Black "Avalos Parra, Joao"]
[WhiteFideId "5024218"]
[BlackFideId "3402541"]
[WhiteElo "2329"]
[BlackElo "2173"]
[Result "0-1"]
[Round "02"]
[TimeControl "180+1"]
[Date "2022.04.19"]
[WhiteClock "0:00:18"]
[BlackClock "0:00:09"]

1. Nc3 d5 2. d4 c6 3. e4 dxe4 4. Nxe4 Bf5 5. Qf3 Bg6 6. Ne2 Qd5 7. N2c3 Qxd4 8. Bd3 Nf6 9. Be3 Qb4 10. O-O-O Nbd7 11. Nxf6+ Nxf6 12. Bxg6 hxg6 13. Rd4 Qa5 14. g4 e6 15. Rhd1 Be7 16. Ra4 Qc7 17. Bf4 Qb6 18. Qg3 Nd5 19. Ne4 Nxf4 20. Qxf4 Qb5 21. Kb1 O-O 22. b3 Rfd8 23. Rad4 Rxd4 24. Rxd4 e5 25. Nc3 Qf1+ 26. Rd1 Qxd1+ 27. Nxd1 exf4 0-1


[Site "https://www.chess.com"]

[Event "Titled Tuesday Blitz April 19 Early 2022"]
[White "Silva Lucena, Cristian"]
[Black "Lewicki, Miroslaw"]
[WhiteFideId "2232588"]
[BlackFideId "1113380"]
[WhiteElo "2223"]
[BlackElo "2283"]
[Result "1-0"]
[Round "02"]
[TimeControl "180+1"]
[Date "2022.04.19"]
[WhiteClock "0:02:07"]
[BlackClock "0:02:53"]

1. e4 c5 2. Nf3 d6 3. d4 cxd4 4. Nxd4 Nf6 5. Nc3 a6 6. Bg5 Nbd7 7. f4 Qc7 8. Qf3 b5 9. O-O-O Bb7 10. Bxf6 gxf6 11. Nd5 Qa5 12. Kb1 e6 13. b4 Qd8 14. Nxe6 fxe6 15. Qh5# 1-0


[Site "https://www.chess.com"]

[Event "Titled Tuesday Blitz April 19 Early 2022"]
[White "Simonovic, Miroslav"]
[Black "Papp, Petra"]
[WhiteFideId "919152"]
[BlackFideId "739049"]
[WhiteElo "2043"]
[BlackElo "2259"]
[Result "0-1"]
[Round "02"]
[TimeControl "180+1"]
[Date "2022.04.19"]
[WhiteClock "0:00:14"]
[BlackClock "0:00:09"]

1. d4 Nf6 2. Bg5 c5 3. Bxf6 gxf6 4. c3 d5 5. e3 Nc6 6. g3 Bg7 7. Bg2 O-O 8. Ne2 Qb6 9. Qb3 e6 10. Nd2 c4 11. Qxb6 axb6 12. O-O Rd8 13. a3 e5 14. f4 b5 15. Rf2 Be6 16. Raf1 Rd6 17. f5 Bd7 18. e4 exd4 19. exd5 Ne7 20. Nxd4 Bh6 21. Ne4 Rda6 22. d6 Nd5 23. Nc5 Rxd6 24. Nxb7 Raa6 25. Nxd6 Rxd6 26. Re2 Ne3 27. Rf3 Nd5 28. g4 Bg5 29. h3 Nf4 30. Re7 Nd3 31. b4 cxb3 32. Nxb3 Ne5 33. Rf1 Kf8 34. Rxd7 Rxd7 35. Nc5 Rd2 36. Ne4 Be3+ 37. Kh1 Ra2 38. Nxf6 Nd3 39. Nxh7+ Kg7 40. Be4 Nf2+ 41. Rxf2 Bxf2 42. f6+ Kg8 43. Ng5 Be3 44. Nf3 Rxa3 45. Bc6 Rxc3 46. Bxb5 Bf4 47. Be8 Rxf3 48. Kg2 Re3 49. Bc6 Re6 50. Kf3 Rxf6 51. Bd5 Bd6+ 52. Kg2 Rh6 53. Be4 Kg7 54. Bf5 Rh8 55. g5 f6 56. Bg4 fxg5 57. Kf3 Kf6 58. Kg2 Bf4 59. Kf3 Rd8 60. Kg2 Rd3 61. Kf2 Ke5 62. Kg2 Rg3+ 63. Kf2 Rxg4 64. hxg4 Ke4 65. Kg2 Be3 66. Kh3 Kf4 67. Kg2 Kxg4 68. Kh2 Kh4 69. Kg2 g4 70. Kh2 g3+ 71. Kh1 Kg4 72. Kg2 Bg5 73. Kh1 Kh3 74. Kg1 g2 75. Kf2 Kh2 76. Kf3 g1=Q 77. Ke4 Qg4+ 78. Kd3 Qf4 0-1


[Site "https://www.chess.com"]

[Event "Titled Tuesday Blitz April 19 Early 2022"]
[White "Skuhala, Barbara"]
[Black "Tillyaev, Ulugbek"]
[WhiteFideId "14605465"]
[BlackFideId "14202441"]
[WhiteElo "2155"]
[BlackElo "2377"]
[Result "0-1"]
[Round "02"]
[TimeControl "180+1"]
[Date "2022.04.19"]
[WhiteClock "0:01:31"]
[BlackClock "0:00:40"]

1. e4 g6 2. d4 Bg7 3. Nc3 c5 4. Nf3 cxd4 5. Nxd4 Nc6 6. Be3 Nf6 7. Qd2 Ng4 8. Nxc6 bxc6 9. Bd4 Nf6 10. O-O-O O-O 11. f3 d6 12. g4 Rb8 13. Bc4 Qa5 14. Bb3 Be6 15. Kb1 c5 16. Bxf6 exf6 17. Nd5 Qd8 18. c4 a5 19. h4 f5 20. Nc3 fxg4 21. h5 gxf3 22. hxg6 fxg6 23. Qh2 h5 24. Rxd6 Qf6 25. Nd5 Qf7 26. e5 Bf5+ 27. Ka1 Qa7 28. Ne3 a4 29. Bd1 Qe7 30. Nxf5 Rxf5 31. Rd5 Rxe5 32. Bxa4 Rb4 33. Bb3 Re1+ 34. Rd1 Re2 0-1


[Site "https://www.chess.com"]

[Event "Titled Tuesday Blitz April 19 Early 2022"]
[White "Smietanska, Wiktoria"]
[Black "Pires, Marcos Vinicius Torsani"]
[WhiteFideId "21869359"]
[BlackFideId "2118939"]
[WhiteElo "1893"]
[BlackElo "2273"]
[Result "0-1"]
[Round "02"]
[TimeControl "180+1"]
[Date "2022.04.19"]
[WhiteClock "0:00:36"]
[BlackClock "0:00:49"]

1. c4 Nf6 2. Nc3 g6 3. g3 Bg7 4. Bg2 O-O 5. e4 d6 6. Nge2 c5 7. O-O Nc6 8. d3 Rb8 9. h3 a6 10. a4 Ne8 11. Be3 Nc7 12. d4 cxd4 13. Nxd4 Ne6 14. Nde2 Nc5 15. b3 Nb4 16. Rb1 f5 17. Qd2 fxe4 18. Nxe4 Nxe4 19. Qxb4 Nf6 20. Rbd1 Qc7 21. Bb6 Qd7 22. c5 d5 23. Nf4 e6 24. Rfe1 Qf7 25. Nd3 Nd7 26. Re2 Nxb6 27. Qxb6 Bd7 28. Nf4 g5 29. Nxd5 Bc6 30. Ne3 Bxg2 31. Kxg2 Qf3+ 32. Kg1 Qxe2 33. Qxe6+ Kh8 34. Rf1 Rbe8 35. Qd7 Rxe3 36. fxe3 Rxf1# 0-1


[Site "https://www.chess.com"]

[Event "Titled Tuesday Blitz April 19 Early 2022"]
[White "Sovetbekova, Nurai"]
[Black "Aaditya Dhingra"]
[WhiteFideId "13801910"]
[BlackFideId "25678191"]
[WhiteElo "1538"]
[BlackElo "1849"]
[Result "0-1"]
[Round "02"]
[TimeControl "180+1"]
[Date "2022.04.19"]
[WhiteClock "0:00:14"]
[BlackClock "0:00:48"]

1. d4 d5 2. c4 c6 3. Nf3 Nf6 4. g3 g6 5. Bg2 Bg7 6. O-O O-O 7. Nc3 Bf5 8. Qb3 b6 9. Bf4 e6 10. cxd5 exd5 11. Rac1 Nbd7 12. Ne5 Rc8 13. Nd1 Nxe5 14. Bxe5 Re8 15. Ne3 Bd7 16. Nc2 Ng4 17. Bxg7 Kxg7 18. e3 h5 19. Nb4 h4 20. Nd3 hxg3 21. hxg3 Qg5 22. Ne5 Nxe5 23. dxe5 Qxe5 24. Rfe1 Rh8 25. e4 d4 26. f4 Qh5 27. Qc4 c5 28. Kf2 Qg4 29. Rh1 Qe6 30. Qa4 Bxa4 0-1


[Site "https://www.chess.com"]

[Event "Titled Tuesday Blitz April 19 Early 2022"]
[White "SsanderSseverino"]
[Black "Hoffmann, Asa"]
[BlackFideId "2001470"]
[WhiteElo "2512"]
[BlackElo "2117"]
[Result "1-0"]
[Round "02"]
[TimeControl "180+1"]
[Date "2022.04.19"]
[WhiteClock "0:00:37"]
[BlackClock "0:00:52"]

1. e4 d6 2. d4 Nf6 3. Bd3 e5 4. d5 Be7 5. f3 Nfd7 6. c4 Nc5 7. Nc3 a5 8. Be3 Bg5 9. Qd2 h6 10. Nge2 Nbd7 11. Bc2 Bxe3 12. Qxe3 Qg5 13. Qf2 Nf6 14. h4 Qg6 15. O-O-O Bd7 16. b3 Nh7 17. g4 Qf6 18. Qe3 Nf8 19. Ng3 Ng6 20. Nh5 Qe7 21. Nxg7+ Kd8 22. Nf5 Bxf5 23. exf5 Nf4 24. Ne4 Nxe4 25. fxe4 b6 26. Rdg1 Kc8 27. Kb2 Kb7 28. a3 Rhg8 29. Bd1 Qd7 30. Rh2 b5 31. c5 dxc5 32. Ka2 Qd6 33. Rc2 Kb6 34. Bf3 a4 35. b4 Kb7 36. bxc5 Qf6 37. Rh1 Qa6 38. Rb2 Rgb8 39. c6+ Kc8 40. Qc5 1-0


[Site "https://www.chess.com"]

[Event "Titled Tuesday Blitz April 19 Early 2022"]
[White "Starosta, Martyna"]
[Black "Constantinou, Peter"]
[WhiteFideId "21818754"]
[BlackFideId "413038"]
[WhiteElo "1716"]
[BlackElo "2230"]
[Result "1-0"]
[Round "02"]
[TimeControl "180+1"]
[Date "2022.04.19"]
[WhiteClock "0:02:03"]
[BlackClock "0:02:06"]

1. e4 c5 2. Nf3 e6 3. d4 cxd4 4. Nxd4 Nf6 5. Nc3 Nc6 6. a3 Be7 7. Be3 d6 8. Be2 O-O 9. O-O a6 10. f4 e5 11. Nxc6 bxc6 12. fxe5 dxe5 13. Qe1 Ng4 14. Rd1 Qc7 15. Bc1 Bc5+ 16. Kh1 Ne3 17. Bxe3 Bxe3 18. Bc4 Bd4 19. Qg3 Kh8 20. Rxd4 f5 21. exf5 Bxf5 22. Rd2 Bxc2 23. Rxc2 1-0


[Site "https://www.chess.com"]

[Event "Titled Tuesday Blitz April 19 Early 2022"]
[White "Stefanov, Plamen"]
[Black "Buchenau, Frank"]
[WhiteFideId "2900980"]
[BlackFideId "4604350"]
[WhiteElo "2137"]
[BlackElo "2193"]
[Result "1-0"]
[Round "02"]
[TimeControl "180+1"]
[Date "2022.04.19"]
[WhiteClock "0:00:40"]
[BlackClock "0:00:40"]

1. e4 e6 2. d4 d5 3. Nc3 Nf6 4. e5 Nfd7 5. f4 c5 6. Be3 cxd4 7. Bxd4 Nc6 8. Nf3 Nxd4 9. Nxd4 Qb6 10. Qd2 Bc5 11. O-O-O Bb4 12. a3 Be7 13. Na4 Qc7 14. Nb5 Qc6 15. Nac3 a6 16. Nd4 Qc7 17. g4 h5 18. gxh5 Rxh5 19. Be2 Rh3 20. Bg4 Rh4 21. h3 Nc5 22. f5 Qxe5 23. Rhe1 Ne4 24. Nxe4 dxe4 25. Nf3 Qd5 26. Nxh4 Qa2 27. c3 Bxh4 28. Rxe4 Kf8 29. fxe6 Bxe6 30. Bxe6 fxe6 31. Rxh4 1-0


[Site "https://www.chess.com"]

[Event "Titled Tuesday Blitz April 19 Early 2022"]
[White "Suder, Jakub"]
[Black "Alekseenko, Kirill"]
[WhiteFideId "1195310"]
[BlackFideId "4135539"]
[WhiteElo "2058"]
[BlackElo "2682"]
[Result "0-1"]
[Round "02"]
[TimeControl "180+1"]
[Date "2022.04.19"]
[WhiteClock "0:00:42"]
[BlackClock "0:00:47"]

1. d4 d5 2. c4 dxc4 3. e4 Nf6 4. Nc3 e5 5. d5 c6 6. Bg5 cxd5 7. Nxd5 Be7 8. Bxf6 Bxf6 9. Bxc4 O-O 10. Nf3 Bg4 11. Be2 Nc6 12. O-O Be7 13. Nd2 Be6 14. Bf3 Bc5 15. Nb3 Bb6 16. Rc1 Qg5 17. g3 Rad8 18. Bg2 h5 19. Kh1 h4 20. Qe2 h3 21. Bf3 Nd4 22. Nxd4 Bxd4 23. Nc7 Bxa2 24. Bg4 a6 25. Bxh3 b5 26. Bg2 Bc4 27. Rxc4 bxc4 28. Qxc4 Rc8 29. Rc1 Bb6 0-1


[Site "https://www.chess.com"]

[Event "Titled Tuesday Blitz April 19 Early 2022"]
[White "Svane, Rasmus"]
[Black "Wieczorek, Oskar"]
[WhiteFideId "4657101"]
[BlackFideId "1133950"]
[WhiteElo "2645"]
[BlackElo "2319"]
[Result "1-0"]
[Round "02"]
[TimeControl "180+1"]
[Date "2022.04.19"]
[WhiteClock "0:00:09"]
[BlackClock "0:00:05"]

1. Nf3 Nf6 2. g3 g6 3. Bg2 Bg7 4. O-O O-O 5. d4 d5 6. c3 c6 7. Re1 Bf5 8. Nbd2 Nbd7 9. Nh4 Be6 10. e4 dxe4 11. Nxe4 Nxe4 12. Bxe4 Nf6 13. Bg2 Bd5 14. Bxd5 cxd5 15. Nf3 e6 16. Kg2 Ne4 17. h4 h5 18. Ng5 Nf6 19. Bf4 Qd7 20. Be5 Ng4 21. Bxg7 Kxg7 22. Qd2 b5 23. Qf4 a5 24. Rac1 Rac8 25. a3 Rc6 26. Rcd1 Qd6 27. Qd2 Rfc8 28. Rc1 Qc7 29. Rc2 b4 30. axb4 axb4 31. Ra1 Nh6 32. Qe1 bxc3 33. Rxc3 Rxc3 34. bxc3 Nf5 35. Ra6 Qb8 36. Qa1 Rc7 37. Ra8 Qb3 38. Rd8 Qb7 39. Qa3 Re7 40. Ra8 Qc7 41. Ra6 Qc4 42. Ra8 Qe2 43. Qa2 Ne3+ 44. Kh2 Ng4+ 45. Kg2 Qe1 46. Qc2 Rc7 47. Nf3 Qxc3 48. Qxc3 Rxc3 49. Ra7 Nh6 50. Ne5 Rc1 51. Ra8 Rd1 52. Nf3 Rd3 53. Ra4 Nf5 54. Rb4 Kf6 55. Ra4 Kg7 56. Rb4 Nd6 57. Ne5 Rd2 58. Ra4 f6 59. Ra7+ Kg8 60. Nd7 Rxd4 61. Nxf6+ Kf8 62. Nd7+ Ke8 63. Ne5 Rd2 64. Ra8+ Ke7 65. Nxg6+ Kf6 66. Nf4 Ne4 67. Rf8+ Kg7 68. Nxe6+ Kg6 69. Nf4+ Kg7 70. Ne6+ Kg6 71. Kf1 Rd1+ 72. Ke2 Ra1 73. Nf4+ Kg7 74. Rf5 Ra2+ 75. Ke3 Ra3+ 76. Kd4 Nxf2 77. Nxh5+ Kg6 78. Rxf2 Kxh5 79. Rf5+ Kg4 80. Rg5+ Kh3 81. h5 Ra5 82. g4 Kh4 83. Rg6 Ra4+ 84. Kxd5 Ra7 85. h6 Rh7 86. g5 Kh5 87. Rg7 Rh8 88. h7 Rd8+ 89. Kc6 Rh8 90. g6 Rc8+ 91. Kb7 1-0


[Site "https://www.chess.com"]

[Event "Titled Tuesday Blitz April 19 Early 2022"]
[White "Tan, Jun Ying"]
[Black "Lashkin, Jegor"]
[WhiteFideId "5710413"]
[BlackFideId "13907808"]
[WhiteElo "1827"]
[BlackElo "2368"]
[Result "0-1"]
[Round "02"]
[TimeControl "180+1"]
[Date "2022.04.19"]
[WhiteClock "0:00:27"]
[BlackClock "0:00:27"]

1. d4 d5 2. c4 e6 3. Nc3 Nf6 4. cxd5 exd5 5. Bg5 c6 6. e3 Bd6 7. Bd3 h6 8. Bh4 Nbd7 9. Qc2 O-O 10. Nge2 Re8 11. Bg3 Nf8 12. O-O Ne6 13. Rae1 Ng5 14. Bxd6 Qxd6 15. Ng3 h5 16. Nf5 Bxf5 17. Bxf5 h4 18. f4 Nge4 19. Nxe4 Nxe4 20. Qe2 Qf6 21. Bxe4 Rxe4 22. Qg4 Rae8 23. Qf3 Qe7 24. Kf2 a5 25. Re2 a4 26. Rc1 Qb4 27. Rc3 Qd6 28. Qg4 Qf6 29. Ra3 Qe7 30. Rc3 g6 31. Qf3 Kg7 32. a3 Qd6 33. Qg4 b6 34. Qxh4 c5 35. dxc5 bxc5 36. Qg3 d4 37. Rd3 c4 38. Rxd4 Rxd4 39. exd4 Qxd4+ 40. Ke1 Qg1+ 41. Kd2 Rd8+ 42. Kc3 Qd4+ 43. Kc2 Qd1+ 44. Kc3 Qb3# 0-1


[Site "https://www.chess.com"]

[Event "Titled Tuesday Blitz April 19 Early 2022"]
[White "Tasev, Dejan"]
[Black "Lysyj, Igor"]
[WhiteFideId "936618"]
[BlackFideId "4150120"]
[WhiteElo "2253"]
[BlackElo "2611"]
[Result "0-1"]
[Round "02"]
[TimeControl "180+1"]
[Date "2022.04.19"]
[WhiteClock "0:00:30"]
[BlackClock "0:00:51"]

1. e4 e5 2. Nf3 Nc6 3. c3 d5 4. Qa4 Qd6 5. exd5 Qxd5 6. d4 Bd7 7. Qd1 Nf6 8. Be2 e4 9. Ng1 O-O-O 10. Be3 Qf5 11. h3 h5 12. Na3 h4 13. Nc2 Qg6 14. Bf1 Nd5 15. Qd2 f5 16. Ne2 Be7 17. O-O-O Qf7 18. Kb1 Nb6 19. b3 Rhg8 20. Bg5 Bxg5 21. Qxg5 Qe7 22. Qxe7 Nxe7 23. c4 c6 24. g3 g5 25. Bg2 Ng6 26. Kb2 Rde8 27. Nc3 hxg3 28. fxg3 e3 29. Ne2 f4 30. gxf4 gxf4 31. Rhf1 Ref8 32. d5 Nh4 33. Be4 f3 34. Nxe3 fxe2 35. Rxf8+ Rxf8 36. Re1 Re8 37. dxc6 bxc6 38. Bd3 Rxe3 39. Bxe2 Ng2 0-1


[Site "https://www.chess.com"]

[Event "Titled Tuesday Blitz April 19 Early 2022"]
[White "Thomas, Anysia"]
[Black "Avramidou, Anastasia"]
[WhiteFideId "670472"]
[BlackFideId "4239873"]
[WhiteElo "2002"]
[BlackElo "2183"]
[Result "0-1"]
[Round "02"]
[TimeControl "180+1"]
[Date "2022.04.19"]
[WhiteClock "0:00:03"]
[BlackClock "0:00:17"]

1. d4 Nf6 2. c4 e6 3. Nf3 c5 4. d5 exd5 5. cxd5 d6 6. g3 g6 7. Bg2 Bg7 8. O-O O-O 9. Nc3 Na6 10. Nd2 Nc7 11. Nc4 b5 12. Nxd6 Qxd6 13. Bf4 Qb6 14. d6 Bb7 15. Bxb7 Qxb7 16. dxc7 b4 17. Na4 Ne4 18. Rc1 g5 19. Be3 Qxc7 20. Nxc5 Nxc5 21. Rxc5 Qe7 22. Rxg5 Rfd8 23. Qb3 h6 24. Rf5 a5 25. Qc4 Rd7 26. Qg4 Kh8 27. Rh5 Ra6 28. Rc1 Rg6 29. Qf5 a4 30. Kg2 Qe6 31. Qf4 Kh7 32. Rc4 a3 33. bxa3 bxa3 34. Re4 Qc6 35. Qf3 Qe6 36. Rf4 Qxa2 37. Rxf7 Qxf7 38. Qa8 a2 39. h4 a1=Q 40. Qxa1 Bxa1 41. Bf4 Bg7 42. e3 Rd5 43. Rxd5 Qxd5+ 44. Kh2 Rf6 45. h5 Qxh5+ 46. Kg2 Qd5+ 47. Kh2 Rc6 0-1


[Site "https://www.chess.com"]